 Dungeon Crawl Stone Soup version 0.21.1-1-g345015fe64 (webtiles) character file.

30 Htamos the Slasher (level 3, 0/31 HPs)
             Began as a Minotaur Berserker on July 7, 2018.
             Was a Follower of Trog.
             Succumbed to an adder's poison
             ... on level 1 of the Dungeon.
             The game lasted 00:02:49 (646 turns).

Htamos the Slasher (Minotaur Berserker)              Turns: 646, Time: 00:02:50

Health: 0/31       AC:  5    Str: 22    XL:     3   Next: 3%
Magic:  0/2        EV: 11    Int:  4    God:    Trog [*.....]
Gold:   109        SH:  0    Dex:  9    Spells: 2/2 levels left

rFire    . . .     SeeInvis .   a - +0 falchion
rCold    . . .     Gourm    .   (no shield)
rNeg     . . .     Faith    .   d - +0 ring mail (curse)
rPois    .         Spirit   +   (helmet restricted)
rElec    .         Reflect  .   (no cloak)
rCorr    .         Harm     .   (no gloves)
MR       .....                  (no boots)
Stlth    +.........             g - amulet of guardian spirit
HPRegen  0.10/turn              b - ring of stealth
MPRegen  0.08/turn              (no ring)

@: lethally poisoned (0 -> -5), berserk cooldown, slowed, very slow
A: retaliatory headbutt, horns 2
a: Berserk, Burn Spellbooks, Renounce Religion


You were on level 1 of the Dungeon.
You worshipped Trog.
Trog was aware of your devotion.
You were not hungry.

You visited 1 branch of the dungeon, and saw 2 of its levels.

You collected 109 gold pieces.

Inventory:

Hand Weapons
 a - a +0 falchion (weapon)
Armour
 d - a cursed +0 ring mail (worn)
Jewellery
 b - a ring of stealth (left hand)
 g - an amulet of guardian spirit (around neck)
Scrolls
 e - 2 scrolls of random uselessness {unknown}
 f - a scroll of blinking {unknown}
 h - 2 scrolls of identify {unknown}
 i - a scroll of remove curse {unknown}
Comestibles
 c - 2 rations


   Skills:
 - Level 3.6 Fighting
 + Level 5.1 Long Blades
 - Level 2.4 Armour
 - Level 2.1 Dodging


You had 2 spell levels left.
You didn't know any spells.

Dungeon Overview and Level Annotations

Branches:
Dungeon (2/15)

Altars:


Innate Abilities, Weirdness & Mutations

You reflexively headbutt those who attack you in melee.
You have a pair of horns on your head.


Message History

You feel your anger nearly subside.
You are no longer berserk.
You are exhausted.
You feel yourself slow down.
Okay, then.
You aren't carrying any potions.
Okay, then.
Okay, then.
There is a lethal amount of poison in your body!
Put on which piece of jewellery? (? for menu, Esc to quit)
b - a ring of stealth (left hand)
* * * LOW HITPOINT WARNING * * *
You feel sick.
Unknown command.
Put on which piece of jewellery? (? for menu, Esc to quit)
You feel your power drawn to a protective spirit.
g - an amulet of guardian spirit (around neck) Unknown command.
* * * LOW HITPOINT WARNING * * *
You feel sick.
You die...

...##.....##...#.#..[..#
..⌠.##...##...#..#.....#
.....##..##.###.###....#
...⌠[.##.##.###.# #....#
.......###..##..# #....#
.⌠......#...##.####....#
........#.........#....#
.......##.......†.#....#
#########.#.....@(#....#
..........##.####(.....#
......######.# #(.####.#
.......#####.###.## #.#
.....#...........# #.#
.....###..(.....######.#
....#........##.....##.#
....#......########.##.#
....#......# #..#.####


There were no monsters in sight!

Vanquished Creatures
  An adder (D:1)
  2 goblins (D:1)
  3 hobgoblins (D:1)
  2 jackals (D:1)
  4 kobolds (D:1)
  A quokka (D:1)
  2 bats (D:1)
  2 frilled lizards (D:1)
  3 rats (D:1)
20 creatures vanquished.

Notes
Turn   | Place    | Note
-------+----------+-------------------------------------------
     0 | D:1      | Htamos the Minotaur Berserker began the quest for the Orb.
     0 | D:1      | Reached XP level 1. HP: 19/19 MP: 0/0
   241 | D:1      | Reached skill level 4 in Long Blades
   304 | D:1      | Reached XP level 2. HP: 26/26 MP: 1/1
   636 | D:1      | Reached skill level 5 in Long Blades
   636 | D:1      | Reached XP level 3. HP: 6/31 MP: 2/2
   640 | D:1      | HP: 2/46 [poisoned by an adder]
   645 | D:1      | HP: 1/31 [poisoned by an adder]
   646 | D:1      | Succumbed to an adder's poison

Skill      XL: |  1  2 |
---------------+-------+-----
Long Blades    | 4 5 |  5.1
Fighting       | |  3.6
Armour         | |  2.4
Dodging        | |  2.1

Action                   || total
-------------------------++-------
Melee: Falchion          ||    43
       Headbutt          ||     3
Invok: Berserk           ||     1
Armor: Ring mail         ||    19
       Animal skin       ||     1
Dodge: Dodged            ||    39
       Rpst.: Falchion   ||     5
